 Dungeon Crawl Stone Soup version 0.17.1-3-g152610e (webtiles) character file.

40987 Peloso the Blocker (level 13, 0/118 HPs)
             Began as a Minotaur Fighter on Mar 12, 2016.
             Was the Champion of Okawaru.
             Killed by divine providence
             ... invoked by an orc high priest
              (13 damage)
             ... on level 4 of the Orcish Mines on Mar 13, 2016.
             The game lasted 01:11:42 (18303 turns).

Peloso the Blocker (Minotaur Fighter)              Turns: 18303, Time: 01:11:42

Health: 0/118      AC: 35    Str: 24    XL:     13   Next: 77%
Magic:  12/13      EV: 13    Int:  5    God:    Okawaru [******]
Gold:   1727       SH: 16    Dex: 12    Spells: 0 memorised, 12 levels left

rFire  + . .     SeeInvis +     o - +6 scimitar (protect)
rCold  . . .     Clarity  .     d - +2 plate armour {rF+}
rNeg   . . .     SustAt   .     c - +0 shield
rPois  .         Gourm    +     (helmet restricted)
rElec  .         Spirit   .     B - +0 cloak
rCorr  .         Warding  .     (no gloves)
rMut   .         Stasis   .     k - +1 pair of boots "Qairyun" {Stlth+}
MR     .....                    q - amulet of the gourmand
Stlth  ..........               g - ring of see invisible
                                z - +5 ring of protection

@: heroism, not resistant to hostile enchantments, extremely unstealthy
A: retaliatory headbutt, horns 2, blurry vision 1, screaming 1
a: Heroism, Finesse, Renounce Religion


You were on level 4 of the Orcish Mines.
You worshipped Okawaru.
Okawaru was exalted by your worship.
You were full.

You visited 3 branches of the dungeon, and saw 18 of its levels.
You visited the Abyss 1 time.
You also visited: Labyrinth.

You collected 1727 gold pieces.

Inventory:

Hand Weapons
 o - a +6 scimitar of protection (weapon)
 H - a +2 war axe of flaming
 O - a +5 double sword of distortion
Armour
 c - a +0 shield (worn)
 d - a +2 plate armour of fire resistance (worn)
 k - the +1 pair of boots "Qairyun" (worn) {Stlth+}
   (You found it in a labyrinth)

   It makes you more stealthy.
 B - a +0 cloak (worn)
 N - a +0 ice dragon armour
Jewellery
 g - a ring of see invisible (right hand)
 q - an amulet of the gourmand (around neck)
 x - an uncursed ring of positive energy
 z - a +5 ring of protection (left hand)
 J - an uncursed ring of protection from magic
Wands
 a - a wand of draining (7)
 p - a wand of draining (3)
Scrolls
 f - 2 scrolls of enchant armour
 h - 2 scrolls of fear
 i - 2 scrolls of enchant weapon
 j - 6 scrolls of remove curse
 s - 5 scrolls of teleportation
 t - a scroll of blinking
 u - a scroll of amnesia
 y - a scroll of recharging
 E - a scroll of fog
 G - 3 scrolls of identify
Potions
 m - 2 potions of flight
 n - 2 potions of invisibility
 v - a potion of agility
 A - a potion of heal wounds
 K - 5 potions of curing
 P - 2 potions of might
Comestibles
 e - 12 bread rations
 l - 9 meat rations
 C - 8 fruits


   Skills:
 + Level 12.0(17.0) Fighting
 + Level 14.3(19.3) Long Blades
 + Level 0.5(5.5) Axes
 + Level 13.3(18.3) Armour
 + Level 7.8(12.8) Dodging
 + Level 1.2(6.2) Stealth
 + Level 14.8(19.8) Shields
 + Level 2.2 Invocations


You had 12 spell levels left.
You didn't know any spells.

Dungeon Overview and Level Annotations

Branches:
Dungeon (13/15)            Temple (1/1) D:5            Lair (0/8) D:11
    Orc (4/4) D:12            Elf (0/3) Orc:3
 Vaults: D:13-14

Altars:
Ashenzari
Cheibriados
Dithmenos
Elyvilon
Fedhas
Gozag
Kikubaaqudgha
Makhleb
Nemelex Xobeh
Okawaru
Qazlal
Ru
Sif Muna
Trog
Vehumet
Xom
Yredelemnul
Zin
The Shining One

Shops:
D:4 [   D:6 !   D:7 =   D:11 [}*[=   Orc:4 }


Innate Abilities, Weirdness & Mutations

You reflexively headbutt those who attack you in melee.
You have a pair of horns on your head.
Scrolls take you a little longer to read.
You occasionally shout uncontrollably at your foes.


Message History

You block the orc knight's attack. You block the orc sorcerer's attack.
Unknown command.
You hit the orc knight.
You headbutt the orc knight, but do no damage.
The orc knight is severely wounded.
The orc sorcerer howls an incantation.
You feel disoriented.
The orc sorcerer casts a spell.
Unknown command.
You slash the orc knight! Your headbutt misses the orc knight.
The orc knight is almost dead.
The orc knight hits you with a great sword!!
* * * LOW HITPOINT WARNING * * *
Unknown command.
You slash the orc sorcerer!
The orc sorcerer is moderately wounded.
The orc sorcerer hits you but does no damage.
The orc high priest invokes the aid of Beogh against you.
Something smites you!
You die...

...#### #.# ## #.## ###
..## ...#### ...##.##
#......## ........# ######
##..#...### ##ooo3#
.#........## ##.@##§.oo.#
...........# #.4##.oo3o..#
...).......###.##4oo##4#.∩#
..)))......##..##oo## .# .#
...........##.##.4o .
...........##.##... #
..........###.##...
...........##.#####.
....##...............


You could see an orc knight, a soul eater, an orc high priest, an orc sorcerer
and a red devil.

Vanquished Creatures
  An orc warlord (Orc:2)
  Erolcha (D:8)
  A minotaur (Lab)
  A hydra (D:11)
  An orc high priest (Orc:4)
  Sonja (Orc:4)
  Nergalle (Orc:2)
  5 skeletal warriors (D:13)
  Maurice (D:7)
  Pikel (D:8)
  3 harpies (D:13)
  9 hill giants
  3 orc knights
  2 manticores (D:13)
  3 orc sorcerers
  3 ugly things
  2 cyclopes
  2 guardian serpents (D:10)
  4 centaur skeletons
  A gargoyle (D:10)
  A kobold demonologist (D:11)
  2 tengu conjurers (D:13)
  3 steam dragons
  Grinder (D:6)
  5 slime creatures
  A two-headed ogre (D:10)
  A hornet zombie (D:13)
  5 trolls
  A boulder beetle (Orc:4)
  2 shadows (Lab)
  3 trapdoor spiders
  3 wyverns
  A spriggan (D:7)
  3 hippogriffs
  10 yaks (D:13)
  2 deep elf magi
  7 vampire mosquitoes
  4 water moccasins
  7 hungry ghosts
  2 insubstantial wisps (D:11)
  3 wargs
  2 soldier ants
  A black bear (D:10)
  A wolf (D:11)
  16 orc warriors
  3 ice beasts
  2 phantoms
  9 sky beasts
  A necrophage (D:10)
  12 centaurs
  12 ogres
  A crocodile (D:10)
  3 giant frogs
  11 killer bees
  2 scorpions
  A water moccasin skeleton (D:7)
  3 wights (D:9)
  2 centaur zombies
  9 hounds
  3 quasits
  3 crimson imps
  3 giant frog zombies
  2 jellies
  22 orc priests
  Crazy Yiuf (D:5)
  4 iguanas
  28 orc wizards
  9 worker ants
  4 sheep (D:11)
  An ogre skeleton (Lab)
  A hound skeleton (D:10)
  A worker ant zombie (D:4)
  3 gnolls
  A river rat (D:11)
  11 adders
  4 shadow imps
  An adder zombie (D:8)
  2 giant geckos
  155 orcs
  5 giant cockroaches
  7 goblins
  13 hobgoblins
  11 jackals
  5 quokkas
  9 bats
  A giant gecko skeleton (D:6)
  4 giant newts
  4 kobolds
  10 rats
  A plant (D:11)
533 creatures vanquished.

Vanquished Creatures (others)
  2 slaves
  An orc wizard (Orc:4)
  A gnoll (D:8)
  14 fungi (D:11)
  2 plants (D:11)
20 creatures vanquished.

Grand Total: 553 creatures vanquished

Notes
Turn   | Place    | Note
--------------------------------------------------------------
     0 | D:1      | Peloso the Minotaur Fighter began the quest for the Orb.
     0 | D:1      | Reached XP level 1. HP: 19/19 MP: 0/0
    95 | D:1      | Reached XP level 2. HP: 25/27 MP: 1/1
   239 | D:1      | Reached skill level 4 in Fighting
   847 | D:2      | Reached XP level 3. HP: 33/33 MP: 2/2
   848 | D:2      | Found a shimmering altar of Xom.
   851 | D:2      | Found a glowing silver altar of Zin.
   854 | D:2      | Found a shadowy altar of Dithmenos.
   891 | D:2      | Found a burning altar of Makhleb.
  1078 | D:2      | Reached XP level 4. HP: 34/41 MP: 3/3
  1322 | D:2      | Reached skill level 1 in Dodging
  2035 | D:3      | Reached XP level 5. HP: 38/47 MP: 4/4
  2052 | D:3      | Found a glowing golden altar of the Shining One.
  2200 | D:4      | Reached skill level 5 in Armour
  2283 | D:4      | Found Qois's Antique Armour Boutique.
  2412 | D:4      | Reached skill level 5 in Shields
  2520 | D:4      | Reached XP level 6. HP: 46/55 MP: 5/5
  2727 | D:5      | Entered Level 5 of the Dungeon
  2727 | D:5      | Found a staircase to the Ecumenical Temple.
  2758 | D:5      | Reached skill level 5 in Fighting
  2770 | Temple   | Entered the Ecumenical Temple
  2805 | Temple   | Became a worshipper of Warmaster Okawaru
  3295 | D:5      | Reached XP level 7. HP: 33/61 MP: 6/6
  3511 | D:5      | Noticed Crazy Yiuf
  3519 | D:5      | Killed Crazy Yiuf
  3565 | D:6      | Noticed Grinder
  3571 | D:6      | Paralysed by Grinder for 2 turns
  3578 | D:6      | Found Nifeiro's Distillery.
  3578 | D:6      | Paralysed by Grinder for 5 turns
  3588 | D:6      | Killed Grinder
  3588 | D:6      | Reached * piety under Okawaru
  3588 | D:6      | Reached skill level 5 in Long Blades
  3588 | D:6      | Reached skill level 6 in Armour
  4057 | D:6      | Reached XP level 8. HP: 46/70 MP: 7/7
  4178 | D:6      | Found a blossoming altar of Fedhas.
  4319 | D:6      | Found a deep blue altar of Sif Muna.
  4465 | D:6      | Reached ** piety under Okawaru
  4465 | D:6      | Reached skill level 7 in Armour
  4735 | D:7      | Found Faschiuk's Jewellery Boutique.
  4972 | D:7      | Reached XP level 9. HP: 50/79 MP: 8/8
  5006 | D:7      | Reached skill level 8 in Armour
  5340 | D:7      | Reached *** piety under Okawaru
  5620 | D:8      | Noticed Pikel
  5639 | D:8      | Killed Pikel
  5942 | D:8      | Noticed Maurice
  5943 | D:8      | Noticed Erolcha
  5959 | D:8      | Paralysed by Erolcha for 2 turns
  6298 | D:7      | Killed Maurice
  6298 | D:7      | Reached **** piety under Okawaru
  6298 | D:7      | Reached skill level 9 in Long Blades
  6339 | D:8      | Killed Erolcha
  6339 | D:8      | Reached skill level 5 in Dodging
  6339 | D:8      | Reached XP level 10. HP: 58/88 MP: 7/9
  6680 | D:8      | Reached skill level 1 in Invocations
  7098 | D:9      | Reached ***** piety under Okawaru
  7532 | D:10     | Entered Level 10 of the Dungeon
  7539 | D:10     | Noticed a hill giant
  7552 | D:10     | Killed a hill giant
  7552 | D:10     | Reached skill level 10 in Long Blades
  7552 | D:10     | Reached skill level 10 in Armour
  7692 | D:10     | Noticed a guardian serpent
  7709 | D:10     | Killed a guardian serpent
  7709 | D:10     | Reached skill level 10 in Shields
  7979 | D:10     | Noticed a hill giant
  7988 | D:10     | Killed a hill giant
  8298 | D:10     | Noticed a hill giant
  8309 | D:10     | Killed a hill giant
  8309 | D:10     | Reached XP level 11. HP: 71/97 MP: 10/10
  8469 | D:10     | Noticed a guardian serpent
  8481 | D:10     | Killed a guardian serpent
  8682 | D:10     | Noticed a hill giant
  8693 | D:10     | Killed a hill giant
  8693 | D:10     | Reached skill level 11 in Long Blades
  9129 | D:11     | Found Zuabyre's Armour Boutique.
  9891 | D:11     | Found Logafoph's Armour Shop.
  9905 | D:10     | Received a gift from Okawaru
 10129 | D:11     | Noticed a hill giant
 10135 | D:11     | Killed a hill giant
 10138 | D:11     | Found Tush's Jewellery Emporium.
 10519 | D:11     | Reached skill level 1 in Stealth
 10598 | D:11     | Noticed a seven-headed hydra
 10609 | D:11     | Killed a one-headed hydra
 10679 | D:11     | Found a staircase to the Lair.
 10699 | D:11     | Noticed a sun demon
 10970 | D:11     | Reached skill level 12 in Long Blades
 11001 | D:11     | Found Piujiwev's Gadget Shoppe.
 11137 | D:11     | Reached skill level 10 in Fighting
 11217 | D:11     | Found Zeluv's General Store.
 11415 | D:11     | Reached ****** piety under Okawaru
 11415 | D:11     | Received a gift from Okawaru
 11524 | D:12     | Noticed a hill giant
 11544 | D:11     | Reached XP level 12. HP: 98/106 MP: 12/12
 11597 | D:11     | Killed a hill giant
 11899 | D:12     | Found a staircase to the Orcish Mines.
 12276 | D:12     | Received a gift from Okawaru
 12287 | D:12     | Gained mutation: You occasionally shout uncontrollably at your foes. [mutagenic glow]
 12338 | D:12     | Gained mutation: Scrolls take you a little longer to read. [mutagenic glow]
 12630 | D:12     | Reached skill level 13 in Shields
 12958 | D:13     | Found a labyrinth entrance.
 12985 | Lab      | Entered a labyrinth
 13261 | Lab      | Got a smoking buckler
 13272 | Lab      | Identified the +3 buckler of Nud Muka {*Drain +Blink Str-3 Dex+2} (You found it in a labyrinth)
 13506 | Lab      | Found an exit through the horrors of the Abyss.
 13757 | Lab      | Noticed a minotaur
 13771 | Lab      | Killed a minotaur
 13777 | Lab      | Got a pair of fine boots
 13787 | Lab      | Identified Sif Muna's Tome of the Oath
 13803 | Lab      | Identified the +1 pair of boots "Qairyun" {Stlth+} (You found it in a labyrinth)
 13818 | Lab      | Got a fine dagger
 13932 | D:13     | Identified the +5 dagger of the Final Decision {pierce, rC+} (You found it in a labyrinth)
 14394 | D:13     | Received a gift from Okawaru
 14569 | D:13     | Reached XP level 13. HP: 84/116 MP: 13/13
 15523 | D:13     | Reached skill level 14 in Shields
 15795 | Orc:1    | Entered Level 1 of the Orcish Mines
 15822 | Orc:1    | Found a bloodstained altar of Trog.
 16138 | Orc:2    | Noticed Nergalle
 16188 | Orc:2    | Killed Nergalle
 17016 | Orc:2    | Noticed an orc warlord
 17037 | Orc:2    | Killed an orc warlord
 17467 | Orc:3    | Found a staircase to the Elven Halls.
 17850 | Orc:4    | Entered Level 4 of the Orcish Mines
 18013 | Orc:4    | Noticed Sonja
 18020 | Orc:4    | Cast into the Abyss (Sonja)
 18020 | Abyss:1  | Found a corrupted altar of Lugonu.
 18021 | Abyss:1  | Found a corrupted altar of Lugonu.
 18055 | Orc:4    | Escaped the Abyss
 18061 | Orc:4    | Killed Sonja
 18247 | Orc:4    | Found Ifinioph's Gadget Emporium.
 18280 | Orc:4    | Received a gift from Okawaru
 18303 | Orc:4    | Killed from afar by an orc high priest

Action                   |  1- 3 |  4- 6 |  7- 9 | 10-12 | 13-15 || total
-------------------------+-------+-------+-------+-------+-------++-------
Melee: Long sword        |    71 |   158 |   339 |   310 |       ||   878
       Scimitar          |       |       |       |   516 |   597 ||  1113
       War axe           |       |       |       |     8 |       ||     8
Invok: Heroism           |       |       |     2 |     4 |     4 ||    10
  Use: Scroll            |       |     6 |       |    13 |     3 ||    22
       Potion            |       |       |     1 |     4 |     1 ||     6
  Eat: Chunk             |     1 |     7 |     9 |    24 |    17 ||    58
       Pizza             |       |       |     1 |     1 |       ||     2
       Fruit             |       |       |       |     1 |     1 ||     2
       Beef jerky        |       |       |       |     3 |       ||     3
